 Dungeon Crawl Stone Soup version 0.28.0-53-g5a82cb258f (webtiles) character file.

Game seed: 10401167483434689218

370 fictitious the Cleaver (level 6, -4/50 HPs)
             Began as a Minotaur Gladiator on June 3, 2022.
             Frozen to death by an endoplasm (5 damage)
             ... in a sewer.
             The game lasted 00:11:22 (2485 turns).

fictitious the Cleaver (Minotaur Gladiator)         Turns: 2485, Time: 00:11:22

Health: -4/50      AC:  3    Str: 21    XL:     6   Next: 42%
Magic:  0/5        EV: 12    Int:  5    God:
Gold:   110        SH:  0    Dex: 11    Spells: 5/5 levels left

rFire   . . .      SeeInvis +   a - +0 war axe
rCold   . . .      Faith    .   (no shield)
rNeg    + . .      Spirit   +   c - +0 leather armour
rPois   .          Reflect  .   W - +0 hat
rElec   .          Harm     .   (no cloak)
rCorr   .          Rampage  .   (no gloves)
Will    .....                   (no boots)
Stlth   +.........              p - amulet of guardian spirit
HPRegen 0.16/turn               j - ring of see invisible
MPRegen 0.09/turn               P - ring of positive energy

@: brilliant, attractive, very slow
A: horns 2, retaliatory headbutt
a: no special abilities


You were in a sewer.
You visited 1 branch of the dungeon, and saw 3 of its levels.
You also visited: Sewer.

You collected 110 gold pieces.

Inventory:

Hand Weapons
 a - a +0 war axe (weapon)
 b - a +0 hunting sling
Missiles
 d - a throwing net
 g - 38 stones (quivered)
 i - 33 sling bullets
Armour
 c - a +0 leather armour (worn)
 W - a +0 hat (worn)
Jewellery
 j - a ring of see invisible (left hand)
 p - an amulet of guardian spirit (around neck)
 P - a ring of positive energy (right hand)
Scrolls
 k - a scroll of vulnerability
 r - a scroll of identify
Potions
 h - 3 potions of attraction
 o - a potion of magic {unknown}


   Skills:
 - Level 2.4 Fighting
 + Level 8.8 Axes
 - Level 2.0 Throwing
 - Level 3.2 Dodging


You had 5 spell levels left.
You didn't know any spells.
Your spell library contained the following spells:

 Spells                   Type           Power      Damage    Failure   Level
 Summon Small Mammal      Summ           0%         N/A       52%         1
 Call Canine Familiar     Summ           0%         N/A       88%         3
 Summon Guardian Golem    Hex/Summ       0%         N/A       88%         3


Dungeon Overview and Level Annotations

Branches:
Dungeon (3/15)              Sewer (1/1)

Altars:


Innate Abilities, Weirdness & Mutations

You have a pair of horns on your head.
You reflexively headbutt those who attack you in melee.


Message History

As you read the scroll of blinking {!r}, it crumbles to dust.
The bullfrog is attracted toward you.
It was a potion of brilliance.
You feel clever all of a sudden.
Okay, then.
As you read the scroll of teleportation, it crumbles to dust.
You feel strangely unstable.
The bullfrog hits you but does no damage.
The frilled lizard is attracted toward you.
The endoplasm is attracted toward you. The bullfrog barely misses you.
The frilled lizard is attracted toward you.
The endoplasm is attracted toward you. The bullfrog hits you!
* * * LOW HITPOINT WARNING * * *
The endoplasm is attracted toward you.
You enter the shallow water.
Moving in this stuff is going to be slow.
Your surroundings seem slightly different.
Splash!
The frilled lizard is attracted toward you.
The endoplasm is attracted toward you.
Okay, then.
You aren't carrying any items that you can evoke.
As you read the scroll labelled MIR AMPIOCIRCH, it crumbles to dust.
You feel aware of your surroundings.
It was a scroll of magic mapping.
The bullfrog barely misses you. x2
You furiously retaliate!
You headbutt the bullfrog. You closely miss the bullfrog.
The bullfrog is severely wounded.
You hit the endoplasm. You miss the frilled lizard. The bullfrog hits you.
* * * LOW HITPOINT WARNING * * *
The frilled lizard misses you. The endoplasm freezes you.
You are frozen.
You die...

######### ###≈≈≈≈≈≈≈###
##≈≈≈≈≈≈≈†.≈≈##
##≈≈.≈≈≈≈≈≈≈≈.≈####*
##.≈≈†.#####≈≈.≈≈##∩#*
#≈.≈≈###≈≈.###≈≈.≈#≈≈*
#≈≈≈##l≈≈§≈.≈##.≈≈#..#
##≈≈##@F≈≈≈§≈.≈##≈†##..
#≈≈≈#≈≈J.≈≈≈≈§≈≈#≈≈.#.∩
#≈≈##.≈≈#####≈≈.##≈≈#..
##≈≈#≈.≈##≈≈≈##≈§≈#≈.##.
#≈≈≈#≈≈##≈≈≈≈≈##≈≈#≈≈≈#≈
#≈†##≈†#≈≈≈≈≈≈≈#≈≈###.#≈
#≈≈#.≈##≈≈≈≈≈≈≈##≈≈≈#.#≈
#≈≈#≈.#≈≈≈≈≈≈≈,≈#≈§§#≈#≈
#≈.#≈.#≈≈≈.,≈≈≈≈#≈≈≈#≈#≈


You could see a bullfrog, an endoplasm and a frilled lizard.

Vanquished Creatures
  A water moccasin (D:3)
  A bullfrog (Sewer)
  Jessica (D:3)
  9 adders
  A worm (D:2)
  A dart slug (D:3)
  10 ball pythons
  5 bats
  13 endoplasms
  9 giant cockroaches
  7 goblins
  2 hobgoblins (D:1)
  3 jackals (D:3)
  2 kobolds (D:3)
  13 quokkas
  9 frilled lizards
  3 rats
90 creatures vanquished.

Vanquished Creatures (others)
  3 fungi (D:2)
3 creatures vanquished.

Grand Total: 93 creatures vanquished

Notes
Turn   | Place    | Note
-------+----------+-------------------------------------------
     0 | D:1      | fictitious the Minotaur Gladiator began the quest for the
                  | Orb.
     0 | D:1      | Reached XP level 1. HP: 18/18 MP: 0/0
   187 | D:1      | Reached skill level 4 in Axes
   315 | D:1      | Reached XP level 2. HP: 25/25 MP: 1/1
   830 | D:2      | Reached skill level 5 in Axes
   846 | D:2      | Reached XP level 3. HP: 30/30 MP: 2/2
  1323 | D:2      | Found a faded altar of an unknown god.
  1587 | D:2      | Reached skill level 6 in Axes
  1587 | D:2      | Reached XP level 4. HP: 37/37 MP: 3/3
  1665 | D:3      | Noticed a water moccasin
  1674 | D:3      | Killed a water moccasin
  1675 | D:3      | Reached skill level 7 in Axes
  1675 | D:3      | Reached XP level 5. HP: 41/42 MP: 4/4
  1782 | D:3      | Noticed Jessica
  1804 | D:3      | Killed Jessica
  1942 | D:3      | Found a glowing drain.
  1987 | D:3      | Reached skill level 8 in Axes
  2062 | Sewer    | Entered a sewer
  2174 | Sewer    | Reached XP level 6. HP: 49/50 MP: 5/5
  2485 | Sewer    | HP: 1/50 [bullfrog (2)]
  2485 | Sewer    | Frozen to death by an endoplasm

Illustrated notes

Levels and vault maps discovered:
D:1:      minmay_arrival_four_houses, layout_rooms
D:2:      layout_rooms, shapermc_ecumenical_altar_mp_urbaneastern,
          kennysheep_cross_bottleneck, minivault_26, corner_web_ring,
          guppyfry_early_lair_pool
D:3:      layout_basic, gup_sewer_entry_glass, kennysheep_jessica_study
Sewer:    sewer_frog_island_02

Skill      XL: |  1  2  3  4  5 |
---------------+----------------+-----
Axes           | 4 5 6 7 8 |  8.8
Fighting       | |  2.4
Throwing       | |  2.0
Dodging        | |  3.2

Action                   |  1- 3 |  4- 6 || total
-------------------------+-------+-------++-------
Melee: War axe           |    43 |    95 ||   138
       Headbutt          |     6 |     7 ||    13
 Fire: Hunting sling     |    30 |    57 ||    87
Throw: Stone             |    23 |       ||    23
       Throwing net      |       |     3 ||     3
  Use: Scroll            |     1 |     5 ||     6
       Potion            |       |     2 ||     2
 Stab: Held in net/web   |       |     1 ||     1
Armor: Leather armour    |     5 |    22 ||    27
Dodge: Dodged            |    25 |    55 ||    80
